 Dungeon Crawl Stone Soup version 0.22-a0-475-g101988f953 (webtiles) character file.

15453 Faustar the Fighter (level 12, -2/112 HPs)
             Began as a White Draconian Transmuter on June 14, 2018.
             Slain by an 11-headed hydra (16 damage)
             ... on level 11 of the Dungeon.
             The game lasted 00:38:17 (15981 turns).

Faustar the Fighter (White Draconian Transmuter)   Turns: 15981, Time: 00:38:17

Health: -2/112     AC:  9    Str: 12    XL:     12   Next: 1%
Magic:  17/22      EV: 12    Int: 13    God:
Gold:   640        SH:  0    Dex: 18    Spells: 15/24 levels left

rFire    . . .     SeeInvis .     - Unarmed
rCold    + . .     Gourm    .   (shield currently unavailable)
rNeg     . . .     Faith    .   (armour unavailable)
rPois    +         Spirit   .   (helmet restricted)
rElec    .         Reflect  .   (no cloak)
rCorr    .         Harm     .   (gloves currently unavailable)
MR       .....                  y - +0 pair of boots
Stlth    ++........             (no amulet)
HPRegen  0.28/turn              h - ring of poison resistance
MPRegen  0.18/turn              k - ring of flight

@: blade hands (expiring)
A: breathe frost, unfitting armour, cold resistance 1, cold-blooded, AC +8
a: Breathe Frost, End Transformation, Evoke Flight


You were on level 11 of the Dungeon.
You were not hungry.
You had blades for hands.
You visited 2 branches of the dungeon, and saw 12 of its levels.

You collected 640 gold pieces.

Inventory:

Hand Weapons
 F - the +8 great mace "Suocor" {holy, *Corrode rN+++ Int+5 Dex-5}
   (You found it on level 9 of the Dungeon)

   It has been blessed by the Shining One to cause great damage to the undead
   and demons.
   It affects your intelligence (+5).
   It affects your dexterity (-5).
   It renders you almost immune to negative energy.
   It may corrode you when you take damage.
Missiles
 a - 164 arrows
Armour
 m - a +0 pair of gloves (melded)
 y - a +0 pair of boots (worn)
Jewellery
 h - a ring of poison resistance (left scythe-like blade)
 k - a ring of flight (right scythe-like blade)
 A - an uncursed amulet of rage
Wands
 v - a wand of flame (45)
 z - a wand of enslavement (13)
 B - a wand of scattershot (5)
Scrolls
 d - 5 scrolls of teleportation
 e - 2 scrolls of immolation
 f - 6 scrolls of fog
 g - 2 scrolls of magic mapping
 i - 3 scrolls of amnesia
 n - 6 scrolls of identify
 p - 3 scrolls of fear
 q - 3 scrolls of remove curse
 r - 2 scrolls of enchant armour
 E - a scroll of enchant weapon
 G - a scroll of holy word {unknown}
Potions
 b - 7 potions of flight
 j - 2 potions of brilliance
 o - 5 potions of curing
 s - 3 potions of lignification
 t - a potion of ambrosia
 u - 2 potions of heal wounds
 w - 2 potions of resistance
 x - a potion of invisibility
 D - a potion of might
 H - a potion of degeneration {unknown}
 I - a potion of magic {unknown}
Miscellaneous
 J - a lightning rod (inert)
Comestibles
 c - 16 rations
 C - 3 chunks of flesh


   Skills:
 - Level 12.1 Fighting
 - Level 1.7 Dodging
 - Level 11.0 Unarmed Combat
 + Level 6.9 Spellcasting
 - Level 10.0 Transmutations


You had 15 spell levels left.
You knew the following spells:

 Your Spells              Type           Power        Failure   Level  Hunger
a - Beastly Appendage     Tmut           ####..       10%         1    None
b - Spider Form           Tmut/Pois      ###.......   36%         3    ##.....
c - Blade Hands           Tmut           ####......   38%         5    ######.

Your spell library contained the following spells:

 Spells                   Type           Power        Failure   Level  Hunger
 Lightning Bolt           Conj/Air       #.........   100%        5    ######.
 Confuse                  Hex            #.......     83%         3    ##.....
 Shock                    Conj/Air       #...         56%         1    None
 Swiftness                Chrm/Air       #.......     67%         2    #......
 Ice Form                 Ice/Tmut       ###.....     61%         4    ####...
 Airstrike                Air            #.........   98%         4    ####...
 Confusing Touch          Hex            #.....       56%         1    None
 Sticks to Snakes         Tmut           ####....     11%         2    #......
 Metabolic Englaciation   Hex/Ice        #.........   100%        5    ######.
 Static Discharge         Conj/Air       #.......     83%         3    ##.....
 Petrify                  Tmut/Erth      ###.....     61%         4    ####...
 Gell's Gravitas          Tloc           #.........   83%         3    ##.....
 Yara's Violent Unravell  Hex/Tmut       ###.......   86%         5    ######.


Dungeon Overview and Level Annotations

Branches:
Dungeon (11/15)            Temple (1/1) D:6
   Lair: D:8-11         Orc: D:9-12

Altars:
Ashenzari
Cheibriados
Dithmenos
Elyvilon
Fedhas
Gozag
Hepliaklqana
Kikubaaqudgha
Makhleb
Nemelex Xobeh
Okawaru
Qazlal
Ru
Sif Muna
Trog
Uskayaw
Vehumet
Wu Jian
Xom
Yredelemnul
Zin
The Shining One

Annotations:
D:9 Gastronok


Innate Abilities, Weirdness & Mutations

You can breathe waves of freezing cold.
You can buffet flying creatures when you breathe cold.
Your icy white scales are hard. (AC +8)
You cannot fit into any form of body armour.
Your flesh is cold resistant. (rC+)
You are cold-blooded and may be slowed by cold attacks.


Message History

The nine-headed hydra misses you. The nine-headed hydra bites you.
Unknown command.
You lop one of the nine-headed hydra's heads off!
The eight-headed hydra grows two more!
You slash the ten-headed hydra!
The ten-headed hydra is severely wounded.
Your transformation is almost over.
You slice one of the ten-headed hydra's heads off!
The nine-headed hydra grows two more!
You slash the 11-headed hydra!
The 11-headed hydra is severely wounded.
The 11-headed hydra misses you. The 11-headed hydra bites you! x3
* * * LOW HITPOINT WARNING * * *
The 11-headed hydra misses you. The 11-headed hydra bites you.
* * * LOW HITPOINT WARNING * * *
The 11-headed hydra bites you!
* * * LOW HITPOINT WARNING * * *
The 11-headed hydra bites you.
* * * LOW HITPOINT WARNING * * *
The 11-headed hydra bites you but does no damage.
The 11-headed hydra barely misses you. The 11-headed hydra bites you!
You die...

.#.####.##........######..#
............#####.# ##.#
##.........## #.# #.#
#.####..### #.# #.#
#####.####..########.# #.#
#.......##........<..# #†#
#.##..#.###)########## #.##
#.##..#....).†)..# #..#
#.##..#..#######@# #''#
#.##..#..# #D# #..# #.##..#..#
#§### ...####..### #.##.....#
#§§.# ...'..'..'.) #...#....#
#§### ...####..### #........#
#.########..#..#
..##.....#######...........#..#
#..#...............######..#..#
>.........##.#.###.#YYYY####..#


You could see a 11-headed hydra.

Vanquished Creatures
  2 two-headed ogres (D:9)
  Erica (D:8)
  3 death yaks (D:11)
  2 ugly things
  A gargoyle (D:10)
  Joseph (D:7)
  2 trolls
  The ghost of brujo666 the Cudgeler, an amateur DgGl (D:5)
  Prince Ribbit (D:8)
  5 hippogriffs
  Grinder (D:3)
  14 yaks
  A basilisk (D:10)
  Eustachio (D:4)
  A wyvern (D:9)
  2 hungry ghosts (D:10)
  2 humans (D:11)
  Grum (D:8)
  2 water moccasins
  2 sky beasts
  A black bear (D:10)
  3 orc warriors
  An ice beast (D:6)
  An eye of draining (D:10)
  A hornet zombie (D:10)
  A phantom (D:10)
  5 ogres
  2 wolves (D:8)
  3 centaurs
  2 big kobolds
  8 bullfrogs
  3 scorpions
  5 killer bees (D:9)
  4 wights (D:7)
  A howler monkey (D:9)
  6 crimson imps
  A bullfrog zombie (D:11)
  A centaur zombie (D:8)
  3 quasits
  10 orc priests
  5 hounds
  5 jellies
  2 centaur skeletons
  14 orc wizards
  3 iguanas
  Terence (D:3)
  12 worker ants
  Robin (D:3)
  7 gnolls
  10 adders
  3 oozes (D:1)
  2 adder skeletons
  3 worms
  3 dart slugs
  7 leopard geckos
  26 orcs
  7 bats
  3 giant cockroaches
  12 goblins
  9 hobgoblins
  11 jackals
  4 quokkas
  5 frilled lizards
  A jackal skeleton (D:5)
  24 kobolds
  A quokka zombie (D:6)
  10 rats
299 creatures vanquished.

Vanquished Creatures (others)
  A human (D:11)
1 creature vanquished.

Grand Total: 300 creatures vanquished

Notes
Turn   | Place    | Note
-------+----------+-------------------------------------------
     0 | D:1      | Faustar the Draconian Transmuter began the quest for the Orb.
     0 | D:1      | Reached XP level 1. HP: 16/16 MP: 3/3
   106 | D:1      | Reached skill level 2 in Fighting
   127 | D:1      | Reached XP level 2. HP: 20/25 MP: 5/5
   193 | D:1      | Reached skill level 3 in Fighting
   203 | D:1      | Reached XP level 3. HP: 24/31 MP: 6/6
   920 | D:2      | Reached skill level 4 in Fighting
  1075 | D:2      | Found an ornate altar of the Wu Jian Council.
  1092 | D:2      | Reached XP level 4. HP: 34/41 MP: 7/7
  1324 | D:2      | Found an opulent altar of Gozag.
  1671 | D:3      | Reached skill level 5 in Fighting
  1828 | D:3      | Found a radiant altar of Vehumet.
  1846 | D:3      | Reached XP level 5. HP: 34/48 MP: 8/8
  1994 | D:3      | Noticed Robin
  2001 | D:3      | Noticed Grinder
  2020 | D:3      | Killed Grinder
  2020 | D:3      | Reached skill level 7 in Fighting
  2020 | D:3      | Reached XP level 6. HP: 17/60 MP: 9/9
  2023 | D:3      | Killed Robin
  2303 | D:3      | Noticed Terence
  2312 | D:3      | Killed Terence
  2516 | D:3      | Found a snail-covered altar of Cheibriados.
  2872 | D:4      | Noticed Eustachio
  3095 | D:4      | Killed Eustachio
  3095 | D:4      | Reached skill level 5 in Unarmed Combat
  3095 | D:4      | Your scales start taking on an icy white colour.
  3095 | D:4      | Reached XP level 7. HP: 35/66 MP: 10/10
  3095 | D:4      | Gained mutation: Your flesh is cold resistant. (rC+) [White Draconian growth]
  3305 | D:3      | Learned a level 3 spell: Spider Form
  4378 | D:5      | Entered Level 5 of the Dungeon
  4718 | D:5      | Reached XP level 8. HP: 69/73 MP: 11/11
  5377 | D:5      | Noticed brujo666's ghost (amateur DgGl)
  5398 | D:5      | Killed brujo666's ghost
  5398 | D:5      | Reached skill level 5 in Transmutations
  5479 | D:6      | Found a sacrificial altar of Ru.
  5924 | D:6      | Found a staircase to the Ecumenical Temple.
  5936 | Temple   | Entered the Ecumenical Temple
  6598 | D:6      | Found a burning altar of Makhleb.
  6946 | D:7      | Found a basalt altar of Yredelemnul.
  6982 | D:7      | Noticed Joseph
  7014 | D:6      | Reached XP level 9. HP: 47/81 MP: 6/12
  7183 | D:6      | Reached skill level 8 in Fighting
  7655 | D:7      | Killed Joseph
  7772 | D:7      | Found a hide-covered altar of Uskayaw.
  7842 | D:7      | Reached skill level 9 in Fighting
  8944 | D:8      | Noticed Prince Ribbit
  8962 | D:8      | Killed Prince Ribbit
  8962 | D:8      | Reached skill level 10 in Fighting
  9576 | D:8      | Reached XP level 10. HP: 75/93 MP: 9/13
  9922 | D:8      | Noticed Grum
  9933 | D:8      | Killed Grum
 10359 | D:8      | Noticed Erica
 10367 | D:8      | Killed Erica
 10669 | D:8      | Reached skill level 11 in Fighting
 10910 | D:9      | Reached skill level 10 in Unarmed Combat
 11351 | D:9      | Got an ancient great mace
 11352 | D:9      | Identified the +8 great mace "Suocor" {holy, *Corrode rN+++ Int+5 Dex-5} (You found it on level 9 of the Dungeon)
 11559 | D:9      | Noticed Gastronok
 11805 | D:9      | Noticed a two-headed ogre
 11967 | D:9      | Killed a two-headed ogre
 12223 | D:8      | Reached XP level 11. HP: 54/104 MP: 12/14
 12450 | D:9      | Reached skill level 12 in Fighting
 12592 | D:9      | Learned a level 5 spell: Blade Hands
 12750 | D:9      | Noticed a two-headed ogre
 12767 | D:9      | Killed a two-headed ogre
 13282 | D:10     | Entered Level 10 of the Dungeon
 14113 | D:10     | Reached skill level 10 in Transmutations
 14163 | D:10     | Noticed a brown ugly thing
 14179 | D:10     | Killed a brown ugly thing
 15208 | D:11     | Noticed a seven-headed hydra
 15603 | D:11     | Reached skill level 5 in Spellcasting
 15691 | D:11     | Noticed a death yak
 15691 | D:11     | Noticed a death yak
 15691 | D:11     | Noticed a death yak
 15691 | D:11     | Noticed a death yak
 15692 | D:11     | Noticed a death yak
 15710 | D:11     | Killed a death yak
 15715 | D:11     | Killed a death yak
 15724 | D:11     | Killed a death yak
 15829 | D:11     | Noticed a purple ugly thing
 15834 | D:11     | Killed a purple ugly thing
 15834 | D:11     | Reached XP level 12. HP: 112/112 MP: 15/22
 15843 | D:11     | Noticed a death yak
 15981 | D:11     | Slain by an 11-headed hydra

Vault maps used:
D:1:      dpeg_arrival_morbid_curiosity
D:2:      lemuel_doored_altar, nicolae_overflow_crystal_walls
D:3:      cheibriados_altar_1, vehumet_crystals, uniq_terence, uniq_robin,
          uniq_grinder
D:4:      first_ration, uniq_eustachio
D:5:      st_stairs_5
D:6:      cheibrodos_quashed, nicolae_ru_awakened_eye, makhleb_heckhound_becter,
          temple_doors_e
D:7:      lemuel_round_altar, old_standard_altar, uniq_joseph
D:8:      uniq_grum, uniq_erica, uniq_prince_ribbit1
D:9:      uniq_gastronok
D:11:     slaughterhouse, erik_lair_orcish_takeover, orc_0_dummy,
          grunt_livestock
Temple:   eino_temple_lava

Skill      XL: |  1  2  3  4  5  6  7  8  9 10 11 |
---------------+----------------------------------+-----
Fighting       | 2 3 4 5 7 10 11 12 | 12.1
Unarmed Combat | 5 6 9 10 11 | 11.0
Transmutations | 3 7 10 | 10.0
Spellcasting   | 6 |  6.9
Dodging        | |  1.7

Action                   |  1- 3 |  4- 6 |  7- 9 | 10-12 || total
-------------------------+-------+-------+-------+-------++-------
Melee: Unarmed           |   130 |   224 |   522 |   442 ||  1318
       Tailslap          |    18 |    20 |    55 |    36 ||   129
       Kick              |    10 |    20 |    23 |       ||    53
       Headbutt          |     3 |     7 |    24 |    15 ||    49
       Punch             |     2 |     4 |    10 |    11 ||    27
       Great mace        |       |       |       |     2 ||     2
 Cast: Beastly Appendage |     7 |    16 |    27 |    12 ||    62
       Spider Form       |       |       |    13 |    28 ||    41
       Blade Hands       |       |       |       |     4 ||     4
Evoke: Wand              |       |       |     1 |     5 ||     6
       Lightning rod     |       |       |       |     5 ||     5
  Use: Scroll            |       |    10 |     2 |    12 ||    24
       Potion            |       |     1 |       |       ||     1
 Stab: Sleeping          |     1 |     1 |       |       ||     2
       Distracted        |       |     1 |       |       ||     1
  Eat: Chunk             |       |     8 |    19 |    21 ||    48
       Ration            |       |       |     1 |     3 ||     4
Armor: Skin              |    31 |    77 |   131 |    65 ||   304
Dodge: Dodged            |    94 |   160 |   321 |   258 ||   833

Table legend:
 A = Spawn XP
 B = Non-spawn XP
 C = Spawn XP percentage of total XP
 D = Spawn monster count
 E = Non-spawn monster count
 F = Spawn count percentage of total count
 G = Total turns spent on level
                    A         B        C        D         E        F      G
               +---------+---------+-------+---------+---------+-------+---------
         Total |       0 |   22077 |   0.0 |       0 |     299 |   0.0 | 15981
               +---------+---------+-------+---------+---------+-------+---------
           D:1 |       0 |      70 |   0.0 |       0 |      28 |   0.0 |   895
           D:2 |       0 |      64 |   0.0 |       0 |      27 |   0.0 |   763
           D:3 |       0 |     491 |   0.0 |       0 |      33 |   0.0 |  1267
           D:4 |       0 |     602 |   0.0 |       0 |      20 |   0.0 |  1570
           D:5 |       0 |     565 |   0.0 |       0 |      13 |   0.0 |   911
           D:6 |       0 |    1184 |   0.0 |       0 |      31 |   0.0 |  1514
           D:7 |       0 |    1921 |   0.0 |       0 |      38 |   0.0 |  1922
           D:8 |       0 |    3567 |   0.0 |       0 |      34 |   0.0 |  2353
           D:9 |       0 |    5415 |   0.0 |       0 |      38 |   0.0 |  1808
          D:10 |       0 |    4065 |   0.0 |       0 |      20 |   0.0 |  2064
          D:11 |       0 |    4133 |   0.0 |       0 |      17 |   0.0 |   583
               +---------+---------+-------+---------+---------+-------+---------
